Map: Кислотный завод РВ

Players

ИИ 2 (новичок)

  • Race: Zerg Zerg
  • Spawn Location: 11:00

ИИ 1 (знаток)

  • Race: Zerg Zerg
  • Spawn Location: 5:00

VOD

Have the link to the VOD?

Description

Time

  • Played on: April 17, 2024, 1:56 p.m.
  • Length: 18:17
Show
View Real Time Build Order
Export as new Build Order

ИИ 2 (новичок) Zerg 

Build Orders: Pool First 

Get SALT Encoding   

  12  0:18  Spawning Pool  
  11  0:21  Drone  
  12  0:30  Overlord  
  12  0:35  Drone  
  13  0:40  Drone  
  14  1:06  Zergling x6  
  14  1:07  Extractor  
  16  1:17  Drone  
  17  1:25  Hatchery  
  17  1:30  Drone  
  17  1:46  Queen  
  19  1:51  Drone  
  20  1:55  Drone  
  20  2:00  Drone  
  22  2:11  Overlord  
  22  2:25  Roach Warren  
  22  2:26  Drone  
  22  2:34  Metabolic Boost  
  21  2:49  Queen  
  23  2:53  Drone  
  23  2:57  Zergling x2  
  25  3:06  Roach  
  25  3:08  Roach  
  29  3:13  Roach  
  29  3:19  Roach  
  33  3:26  Overlord  
  33  3:29  Drone  
  33  3:33  Drone  
  35  3:45  Drone, Spine Crawler  
  35  3:47  Extractor  
  34  3:49  Drone  
  34  3:52  Drone  
  36  3:56  Drone  
  36  3:58  Drone  
  36  4:01  Drone  
  39  4:05  Drone  
  39  4:08  Drone  
  41  4:14  Overlord  
  41  4:19  Drone  
  41  4:23  Drone x2  
  44  4:29  Overlord  
  44  4:37  Lair  
  44  4:39  Drone  
  44  4:41  Drone  
  44  4:44  Drone  
  47  4:46  Drone  
  47  4:49  Drone  
  47  4:51  Drone  
  50  4:53  Drone  
  50  4:55  Drone  
  50  4:58  Drone  
  53  5:00  Drone  
  53  5:04  Overlord  
  54  5:10  Drone  
  54  5:13  Drone  
  56  5:20  Drone x2  
  56  5:21  Roach  
  60  5:22  Overlord  
  60  5:27  Roach  
  62  5:33  Roach  
  64  5:37  Glial Reconstitution, Overseer  
  64  5:40  Overseer  
  64  5:42  Drone, Hatchery  
  64  5:43  Overlord  
  64  5:46  Roach  
  64  5:49  Roach  
  68  5:51  Pneumatized Carapace  
  68  5:53  Drone  
  69  5:57  Drone  
  69  5:59  Drone, Hydralisk Den  
  69  6:01  Zergling x2  
  70  6:11  Hatchery  
  69  6:12  Drone  
  69  6:15  Roach  
  69  6:18  Overlord  
  72  6:20  Extractor, Drone  
  72  6:22  Drone  
  73  6:25  Overlord  
  73  6:30  Drone, Baneling Nest  
  75  6:33  Roach  
  75  6:35  Roach  
  75  6:38  Drone  
  78  6:42  Queen  
  78  6:43  Roach  
  82  6:49  Infestation Pit, Drone  
  82  6:50  Overseer  
  82  6:52  Overlord  
  82  6:55  Hydralisk  
  82  6:57  Drone  
  82  6:58  Drone  
  82  7:00  Drone  
  87  7:01  Drone  
  87  7:04  Drone  
  87  7:08  Spore Crawler  
  88  7:09  Drone  
  88  7:10  Hydralisk  
  88  7:14  Overlord  
  91  7:17  Drone  
  91  7:18  Drone, Spine Crawler  
  91  7:20  Drone  
  91  7:22  Hydralisk  
  95  7:25  Hydralisk  
  95  7:28  Hydralisk  
  99  7:31  Hydralisk  
  99  7:35  Hydralisk  
  103  7:38  Overlord  
  103  7:39  Extractor  
  103  7:41  Drone  
  103  7:42  Drone  
  103  7:43  Drone  
  105  7:50  Drone, Spine Crawler  
  105  7:53  Drone, Spine Crawler  
  105  7:57  Drone, Spore Crawler  
  105  8:00  Drone  
  105  8:01  Spire  
  105  8:02  Drone  
  105  8:04  Overlord  
  106  8:06  Zergling x2  
  106  8:07  Zergling x2  
  106  8:10  Overlord  
  106  8:11  Drone  
  109  8:14  Extractor, Drone  
  109  8:17  Extractor, Drone  
  109  8:21  Hive  
  109  8:29  Hatchery  
  108  8:35  Spore Crawler  
  108  8:38  Drone x2  
  108  8:41  Zergling x2  
  110  8:42  Zergling x2  
  110  8:43  Zergling x2  
  110  8:45  Zergling x2  
  113  8:49  Queen  
  113  8:51  Overseer  
  113  8:54  Hydralisk  
  117  8:57  Hydralisk  
  117  9:00  Zergling x2, Overseer  
  117  9:02  Roach  
  122  9:04  Overlord  
  122  9:06  Drone  
  122  9:09  Overlord  
  123  9:11  Overlord  
  123  9:14  Mutalisk  
  123  9:16  Mutalisk  
  127  9:19  Mutalisk  
  127  9:22  Mutalisk  
  131  9:24  Zergling x2  
  131  9:25  Drone  
  131  9:26  Drone  
  131  9:28  Baneling x2  
  131  9:29  Baneling x2  
  134  9:31  Roach  
  134  9:33  Roach  
  134  9:35  Roach  
  134  9:37  Roach  
  142  9:39  Roach  
  142  9:41  Roach  
  142  9:42  Drone  
  142  9:44  Drone  
  142  9:45  Drone  
  149  9:47  Drone  
  149  9:52  Ultralisk Cavern  
  149  9:53  Drone  
  149  9:55  Adrenal Glands, Overlord  
  149  9:57  Overlord  
  150  10:00  Overlord  
  150  10:01  Drone  
  150  10:03  Drone  
  150  10:04  Drone  
  150  10:05  Drone  
  150  10:06  Drone  
  155  10:12  Spore Crawler  
  155  10:14  Drone  
  155  10:15  Drone, Spore Crawler  
  155  10:17  Lair  
  155  10:19  Extractor, Drone  
  155  10:21  Extractor  
  155  10:22  Zergling x2  
  155  10:23  Drone  
  155  10:24  Overseer  
  155  10:25  Zergling x2, Overseer  
  155  10:28  Mutalisk  
  159  10:29  Zergling x2  
  159  10:31  Mutalisk  
  159  10:33  Zergling x2  
  159  10:34  Zergling x2  
  164  10:36  Mutalisk  
  164  10:37  Drone  
  164  10:39  Drone  
  164  10:41  Overlord  
  164  10:42  Drone  
  169  10:46  Drone, Evolution Chamber  
  169  10:48  Queen  
  171  10:53  Drone, Spine Crawler  
  171  10:55  Queen  
  171  10:56  Drone  
  174  10:58  Drone  
  174  11:01  Greater Spire  
  174  11:02  Overlord  
  175  11:05  Hydralisk  
  175  11:07  Hydralisk  
  175  11:08  Overseer  
  175  11:10  Drone  
  175  11:11  Drone  
  181  11:16  Spine Crawler  
  181  11:17  Overlord  
  180  11:19  Spine Crawler  
  174  11:25  Zergling x2  
  174  11:27  Mutalisk  
  174  11:29  Hatchery  
  174  11:30  Mutalisk x2, Corruptor  
  166  11:32  Roach  
  166  11:34  Roach  
  166  11:35  Roach  
  166  11:36  Roach  
  166  11:37  Roach  
  166  11:39  Roach  
  146  11:41  Roach  
  146  11:43  Roach  
  146  11:44  Roach  
  146  11:46  Roach  
  136  11:47  Roach  
  136  11:49  Roach  
  136  11:51  Roach  
  136  11:52  Hydralisk  
  128  11:54  Hydralisk  
  128  11:56  Hydralisk  
  128  11:58  Hydralisk  
  128  12:01  Hydralisk  
  134  12:03  Hydralisk  
  134  12:05  Hydralisk  
  134  12:07  Hydralisk  
  142  12:09  Zergling x2  
  142  12:10  Zergling x2  
  142  12:11  Zergling x2  
  142  12:12  Zergling x2  
  142  12:14  Zergling x4  
  148  12:15  Zergling x2  
  148  12:16  Zergling x2  
  148  12:18  Zergling x2  
  148  12:19  Roach  
  148  12:21  Mutalisk  
  155  12:23  Drone  
  155  12:25  Drone  
  155  12:26  Drone  
  155  12:29  Drone  
  159  12:33  Drone  
  159  12:34  Corruptor  
  162  12:39  Roach  
  162  12:41  Hatchery  
  163  12:46  Drone  
  163  12:50  Hydralisk  
  163  12:51  Evolution Chamber  
  165  12:54  Roach  
  165  12:55  Evolution Chamber  
  165  12:56  Roach  
  165  12:57  Hydralisk  
  160  13:00  Roach  
  160  13:01  Hydralisk  
  160  13:03  Roach, Brood Lord  
  160  13:04  Roach  
  156  13:06  Roach  
  156  13:08  Roach  
  156  13:09  Roach  
  156  13:11  Roach  
  156  13:12  Roach  
  148  13:14  Roach  
  148  13:15  Roach  
  148  13:17  Roach  
  148  13:18  Roach, Corruptor  
  142  13:23  Roach x3  
  142  13:24  Mutalisk, Roach  
  142  13:26  Mutalisk  
  152  13:28  Hydralisk  
  152  13:30  Mutalisk  
  152  13:32  Hydralisk  
  150  13:35  Corruptor  
  144  13:43  Hatchery  
  144  13:44  Roach  
  144  13:45  Roach  
  144  13:47  Roach  
  137  13:49  Roach  
  137  13:50  Hydralisk  
  137  13:52  Hydralisk  
  133  13:56  Queen  
  133  13:57  Drone  
  133  13:58  Drone  
  133  13:59  Drone  
  133  14:02  Zerg Melee Weapons Level 1  
  132  14:04  Roach  
  132  14:05  Roach, Brood Lord  
  132  14:06  Roach  
  132  14:09  Corruptor  
  138  14:15  Zerg Ground Armor Level 1  
  138  14:18  Zerg Missile Weapons Level 1  
  138  14:20  Queen  
  138  14:24  Queen  
  140  14:29  Burrow  
  142  14:32  Ultralisk  
  142  14:33  Brood Lord  
  142  14:34  Chitinous Plating  
  142  14:37  Corruptor  
  152  14:43  Ultralisk  
  158  14:46  Roach x2  
  158  14:49  Roach x2  
  158  14:51  Roach  
  162  14:52  Roach  
  162  14:54  Roach  
  162  14:55  Roach  
  162  14:57  Roach  
  162  14:58  Hydralisk  
  168  15:00  Hydralisk  
  168  15:02  Hydralisk  
  168  15:05  Hydralisk  
  174  15:07  Hydralisk  
  174  15:10  Hydralisk  
  174  15:11  Hydralisk  
  174  15:14  Roach  
  178  15:15  Roach  
  178  15:16  Hydralisk  
  178  15:18  Mutalisk  
  178  15:21  Roach  
  182  15:22  Mutalisk  
  182  15:24  Mutalisk  
  182  15:25  Mutalisk  
  182  15:28  Mutalisk, Extractor  
  185  15:30  Extractor, Drone  
  185  15:31  Drone  
  186  15:36  Zergling x2  
  186  15:37  Spire  
  186  15:38  Roach  
  186  15:39  Roach  
  186  15:41  Roach  
  186  15:42  Roach  
  170  15:44  Roach  
  170  15:45  Roach  
  170  15:47  Roach  
  170  15:48  Roach  
  162  15:50  Roach  
  162  15:51  Roach  
  162  15:52  Roach  
  162  15:54  Roach  
  162  15:55  Drone  
  151  15:58  Anabolic Synthesis  
  151  16:00  Roach  
  151  16:02  Roach  
  151  16:03  Roach  
  145  16:05  Hydralisk  
  145  16:07  Hydralisk  
  145  16:09  Hydralisk  
  135  16:11  Hydralisk  
  135  16:13  Hydralisk  
  135  16:15  Roach  
  135  16:17  Roach  
  143  16:18  Roach  
  143  16:19  Roach  
  143  16:21  Roach  
  143  16:23  Roach  
  143  16:24  Infestor  
  151  16:26  Infestor  
  151  16:29  Drone, Overlord  
  151  16:30  Infestor  
  155  16:32  Mutalisk  
  155  16:35  Mutalisk, Drone x2  
  155  16:37  Hydralisk  
  155  16:38  Hydralisk  
  155  16:39  Drone  
  163  16:41  Zergling x2  
  163  16:43  Corruptor  
  163  16:46  Corruptor  
  167  16:49  Overlord  
  167  16:51  Corruptor  
  167  16:54  Corruptor  
  169  16:57  Corruptor  
  169  17:00  Corruptor  
  175  17:02  Drone, Roach  
  175  17:04  Roach  
  175  17:05  Roach  
  175  17:06  Roach  
  175  17:08  Roach  
  167  17:09  Hydralisk  
  167  17:11  Hydralisk  
  167  17:13  Roach  
  167  17:15  Drone  
  167  17:17  Overlord  
  167  17:18  Drone  
  167  17:20  Roach  
  166  17:23  Drone  
  166  17:25  Drone  
  158  17:35  Roach  
  158  17:37  Roach  
  134  17:38  Roach  
  134  17:40  Overseer  
  134  17:41  Roach  
  134  17:43  Roach  
  122  17:45  Roach  
  122  17:47  Roach  
  122  17:49  Roach  
  122  17:50  Drone x2  
  122  17:51  Drone, Roach  
  106  17:53  Roach  
  106  17:55  Drone x2, Roach  
  106  17:56  Roach  
Show
View Real Time Build Order
Export as new Build Order

ИИ 1 (знаток) Zerg 

Build Orders: Hatch First 

Get SALT Encoding   

  12  0:01  Drone  
  13  0:12  Overlord  
  13  0:17  Drone  
  14  0:30  Drone x2  
  14  0:34  Drone  
  17  0:53  Hatchery  
  17  0:55  Drone  
  17  0:58  Drone  
  17  1:01  Extractor  
  17  1:06  Drone  
  18  1:19  Spawning Pool  
  18  1:21  Drone  
  18  1:29  Overlord  
  18  1:38  Drone  
  19  2:05  Queen  
  19  2:06  Queen  
  19  2:07  Zergling x2, Drone  
  26  2:08  Zergling x2  
  26  2:10  Zergling x2  
  28  2:15  Zergling x2  
  28  2:21  Zergling x2, Extractor  
  28  2:26  Drone  
  29  2:32  Drone  
  29  2:37  Drone  
  29  2:42  Drone  
  31  2:47  Lair  
  31  2:50  Drone  
  32  2:54  Drone  
  33  3:04  Drone, Spine Crawler  
  33  3:06  Drone  
  33  3:10  Drone  
  35  3:14  Drone  
  35  3:18  Overlord  
  36  3:36  Drone, Roach Warren  
  36  3:37  Drone x3  
  39  3:42  Overlord  
  39  3:47  Drone  
  40  3:53  Drone  
  40  3:54  Drone, Hydralisk Den  
  41  3:57  Drone  
  41  3:59  Drone  
  41  4:01  Drone  
  44  4:05  Drone  
  44  4:08  Overlord  
  45  4:18  Roach  
  45  4:19  Roach  
  49  4:26  Hatchery  
  49  4:28  Drone  
  49  4:31  Roach  
  51  4:33  Roach  
  51  4:36  Overlord  
  53  4:40  Roach  
  53  4:42  Hydralisk  
  53  4:45  Hydralisk  
  59  4:54  Hydralisk, Drone x2  
  59  4:56  Overlord  
  63  5:02  Drone  
  63  5:03  Evolution Chamber  
  63  5:07  Drone  
  63  5:09  Glial Reconstitution  
  63  5:12  Overseer  
  63  5:13  Drone, Extractor  
  63  5:14  Drone x2  
  66  5:15  Drone  
  66  5:19  Hydralisk  
  69  5:22  Hydralisk  
  71  5:29  Hydralisk  
  71  5:31  Metabolic Boost  
  71  5:33  Overlord  
  73  5:38  Drone  
  73  5:41  Drone  
  73  5:42  Hydralisk  
  77  5:45  Extractor, Roach  
  77  5:47  Extractor, Drone  
  77  5:49  Drone, Extractor  
  78  5:51  Drone  
  79  5:57  Infestation Pit, Drone  
  79  6:01  Drone, Baneling Nest  
  79  6:04  Roach  
  79  6:07  Roach, Ravager  
  79  6:10  Roach  
  79  6:11  Ravager  
  87  6:14  Roach  
  87  6:18  Overlord  
  89  6:22  Overlord  
  89  6:25  Drone  
  90  6:33  Zerg Ground Armor Level 1  
  90  6:36  Zergling x2, Drone x2  
  90  6:39  Overlord  
  93  6:45  Centrifugal Hooks  
  93  6:49  Overlord  
  93  6:52  Overseer  
  93  6:54  Hydralisk  
  93  6:58  Pneumatized Carapace  
  93  7:01  Zergling x2  
  96  7:02  Zergling x2  
  96  7:04  Zergling x2  
  96  7:06  Zergling x2  
  96  7:07  Drone  
  100  7:09  Drone  
  100  7:14  Drone, Evolution Chamber  
  101  7:16  Overlord  
  101  7:18  Baneling  
  101  7:20  Zergling x2  
  101  7:21  Baneling x2  
  102  7:23  Zergling x2  
  102  7:24  Baneling  
  102  7:25  Baneling  
  102  7:26  Zergling x2  
  102  7:28  Baneling  
  102  7:29  Baneling  
  104  7:30  Zergling x2  
  104  7:31  Baneling x2  
  104  7:33  Zergling x2  
  104  7:34  Baneling  
  104  7:36  Drone  
  107  7:37  Drone  
  107  7:39  Drone  
  107  7:42  Hydralisk  
  107  7:43  Ravager  
  112  7:46  Roach, Ravager  
  112  7:49  Roach  
  117  7:52  Roach  
  117  7:54  Roach  
  117  7:56  Roach  
  125  7:58  Roach  
  125  8:01  Roach  
  125  8:03  Roach  
  129  8:10  Zerg Missile Weapons Level 1  
  129  8:16  Drone, Overlord  
  129  8:17  Overlord x2  
  130  8:28  Zerg Melee Weapons Level 1  
  130  8:29  Hatchery  
  130  8:30  Drone  
  130  8:35  Drone x3  
  130  8:36  Drone  
  130  8:37  Drone  
  130  8:39  Drone  
  130  8:40  Drone  
  137  8:42  Drone  
  137  8:44  Drone  
  137  8:45  Drone  
  137  8:47  Drone  
  141  8:50  Drone  
  141  8:52  Drone  
  143  8:57  Drone  
  143  9:00  Drone  
  143  9:02  Drone x2  
  147  9:03  Drone x2, Overseer  
  147  9:07  Hive  
  147  9:08  Roach  
  151  9:12  Overlord  
  151  9:17  Spire  
  150  9:30  Overlord  
  147  9:36  Spine Crawler  
  146  9:38  Spine Crawler  
  146  9:40  Queen  
  146  9:42  Queen  
  146  9:45  Queen  
  149  9:50  Drone, Evolution Chamber  
  149  9:51  Drone x3, Hatchery  
  149  9:52  Drone x3, Overlord  
  156  10:08  Evolution Chamber  
  156  10:09  Roach  
  156  10:13  Baneling x4  
  156  10:14  Baneling x3  
  157  10:16  Overseer, Queen  
  157  10:18  Lair  
  159  10:28  Mutalisk  
  159  10:29  Mutalisk x3  
  159  10:30  Mutalisk x4  
  175  10:37  Overlord  
  175  10:38  Roach  
  176  10:44  Baneling x3  
  176  10:52  Spore Crawler  
  176  10:53  Baneling  
  176  10:54  Baneling x2  
  176  10:55  Baneling, Spore Crawler, Roach  
  176  10:56  Roach x2, Corruptor x2  
  184  10:57  Spore Crawler, Overlord  
  184  10:59  Corruptor  
  184  11:00  Spore Crawler  
  184  11:02  Queen, Corruptor  
  184  11:03  Zergling x2  
  184  11:04  Zergling x2, Burrow, Zerg Melee Weapons Level 2  
  190  11:08  Zergling x2, Spore Crawler, Overlord  
  190  11:11  Spore Crawler  
  190  11:13  Drone  
  190  11:16  Drone x2  
  190  11:17  Drone x2  
  190  11:18  Drone x2  
  195  11:21  Corruptor  
  195  11:24  Zergling x2  
  192  11:27  Drone x2  
  192  11:29  Drone  
  192  11:30  Spore Crawler  
  192  11:31  Drone  
  192  11:32  Drone  
  183  11:34  Drone  
  183  11:35  Drone  
  183  11:36  Overlord  
  164  11:42  Drone x2  
  164  11:45  Drone  
  164  11:46  Overlord  
  154  11:49  Drone  
  154  11:50  Drone  
  154  11:54  Drone x2  
  156  11:56  Zergling x2  
  156  12:00  Mutalisk, Hatchery  
  154  12:02  Baneling  
  154  12:03  Baneling  
  154  12:04  Roach  
  154  12:05  Roach  
  154  12:06  Roach  
  154  12:07  Baneling, Roach  
  156  12:09  Baneling  
  156  12:13  Roach  
  156  12:14  Roach  
  160  12:16  Roach  
  160  12:18  Overseer, Roach  
  160  12:20  Roach  
  160  12:21  Queen  
  160  12:22  Zergling x2  
  169  12:23  Zergling x2  
  169  12:24  Mutalisk  
  169  12:26  Mutalisk  
  169  12:28  Mutalisk  
  169  12:29  Mutalisk  
  176  12:31  Mutalisk  
  176  12:33  Mutalisk  
  176  12:35  Mutalisk  
  184  12:38  Zerg Ground Armor Level 2  
  184  12:40  Queen  
  184  12:41  Zerg Missile Weapons Level 2  
  184  12:43  Infestor  
  186  12:45  Drone, Infestor  
  186  12:47  Drone  
  186  12:48  Drone x2  
  186  12:49  Drone  
  186  12:50  Drone x2  
  191  12:51  Drone, Hydralisk  
  191  12:52  Drone, Roach  
  191  12:53  Drone  
  191  12:54  Roach  
  191  12:56  Drone, Roach  
  191  12:57  Roach  
  189  12:59  Lurker Den  
  189  13:00  Drone  
  189  13:01  Drone  
  189  13:02  Drone x3  
  189  13:03  Drone x3  
  189  13:04  Drone x2  
  189  13:05  Drone x2  
  180  13:06  Drone  
  180  13:07  Drone  
  180  13:09  Drone  
  180  13:11  Extractor  
  180  13:12  Hydralisk x2  
  167  13:13  Drone, Extractor  
  167  13:14  Drone  
  167  13:15  Drone  
  167  13:17  Drone  
  167  13:19  Hydralisk  
  167  13:28  Extractor  
  167  13:29  Drone  
  167  13:33  Zerg Melee Weapons Level 3  
  167  13:37  Zergling x2  
  167  13:40  Hatchery  
  162  13:41  Drone  
  162  13:42  Spine Crawler  
  162  13:43  Drone  
  162  13:45  Spine Crawler  
  162  13:46  Drone  
  155  13:48  Ultralisk Cavern  
  155  13:49  Drone  
  153  13:56  Roach x2  
  153  13:57  Lurker, Roach  
  153  13:58  Zergling x2, Baneling x2  
  153  13:59  Hydralisk  
  153  14:00  Extractor, Greater Spire, Hatchery  
  153  14:01  Hydralisk  
  153  14:02  Drone  
  160  14:03  Hydralisk, Drone  
  160  14:06  Hydralisk  
  160  14:08  Roach  
  160  14:09  Roach  
  165  14:19  Corruptor  
  165  14:23  Corruptor, Ravager  
  165  14:24  Roach, Ravager  
  171  14:25  Drone  
  171  14:26  Roach  
  171  14:28  Hydralisk, Drone x2  
  171  14:29  Drone x2  
  171  14:30  Hydralisk  
  179  14:32  Hydralisk  
  179  14:34  Roach  
  179  14:35  Hydralisk  
  179  14:37  Hydralisk  
  185  14:38  Drone x2  
  185  14:40  Hydralisk, Drone  
  185  14:41  Drone x2  
  185  14:43  Drone x2, Hydralisk  
  189  14:52  Infestor  
  189  14:57  Corruptor  
  191  15:00  Extractor, Drone  
  191  15:03  Spine Crawler  
  191  15:04  Drone  
  191  15:06  Spine Crawler  
  190  15:07  Drone  
  190  15:09  Zerg Ground Armor Level 3, Drone, Spine Crawler  
  190  15:13  Spine Crawler  
  190  15:16  Spine Crawler  
  190  15:19  Roach  
  171  15:21  Hatchery  
  171  15:22  Corruptor  
  171  15:26  Hydralisk  
  171  15:27  Drone, Corruptor  
  172  15:29  Drone  
  172  15:30  Queen  
  172  15:33  Spore Crawler  
  167  15:39  Hatchery  
  167  15:40  Drone  
  167  15:41  Roach  
  167  15:42  Drone  
  152  15:43  Drone, Roach  
  152  15:44  Roach  
  152  15:46  Roach  
  152  15:47  Drone x2  
  152  15:48  Roach  
  152  15:50  Hydralisk  
  152  15:52  Mutalisk  
  152  15:54  Mutalisk  
  145  15:57  Corruptor  
  145  15:59  Hydralisk  
  145  16:02  Hydralisk  
  145  16:03  Drone  
  146  16:04  Drone  
  146  16:05  Drone  
  146  16:07  Drone, Roach  
  146  16:09  Roach  
  146  16:11  Hydralisk  
  142  16:12  Drone  
  142  16:13  Zergling x2  
  142  16:15  Roach  
  142  16:16  Roach  
  142  16:17  Roach  
  152  16:19  Roach  
  152  16:21  Roach  
  152  16:22  Roach  
  158  16:31  Ultralisk  
  158  16:32  Mutalisk  
  164  16:34  Mutalisk  
  164  16:37  Mutalisk  
  164  16:39  Mutalisk  
  168  16:41  Queen  
  168  16:43  Queen  
  168  16:47  Roach x2  
  170  16:48  Roach  
  170  16:49  Mutalisk  
  170  16:51  Mutalisk  
  170  16:52  Mutalisk  
  171  16:55  Roach  
  171  16:57  Roach  
  171  16:58  Roach  
  171  17:00  Roach  
  179  17:01  Roach  
  179  17:03  Mutalisk  
  179  17:06  Mutalisk  
  184  17:12  Corruptor  
  184  17:14  Roach  
  186  17:17  Corruptor  
  186  17:22  Corruptor  
  188  17:23  Drone  
  188  17:25  Spore Crawler  
  188  17:26  Drone, Roach  
  188  17:27  Zergling x2  
  188  17:28  Corruptor  
  187  17:33  Roach  
  187  17:35  Extractor  
  187  17:36  Drone, Extractor  
  182  17:37  Drone  
  182  17:38  Extractor  
  182  17:39  Drone  
  182  17:43  Hydralisk  
  179  17:51  Mutalisk, Extractor  
  172  17:52  Drone, Extractor  
  172  17:54  Drone  
  172  17:56  Roach  
Tags
 
Add a new tag
Caveats
  • Supply blocks, unpowered buildings, or Contaminate may cause inaccurate times.
  • Supply counts are checked every 10 seconds.